 Dungeon Crawl Stone Soup version 0.21-a0-71-g5e5ddd2 (webtiles) character file.

41 HexTechBomber the Chopper (level 3, 0/36 HPs)
             Began as a Troll Berserker on June 19, 2017.
             Was a Believer of Trog.
             Slain by an adder (4 damage)
             ... on level 2 of the Dungeon.
             The game lasted 00:06:44 (708 turns).

HexTechBomber the Chopper (Troll Berserker)          Turns: 708, Time: 00:06:45

Health: 0/36       AC:  5    Str: 26    XL:     3   Next: 32%
Magic:  2/2        EV: 10    Int:  3    God:    Trog [**....]
Gold:   54         SH:  0    Dex:  9    Spells: 2/2 levels left

rFire    . . .     SeeInvis .   a - +0 hand axe
rCold    . . .     Gourm    +   (no shield)
rNeg     . . .     Faith    .   u - +0 robe
rPois    .         Spirit   .   (helmet restricted)
rElec    .         Reflect  .   (no cloak)
rCorr    .         Harm     .   (gloves unavailable)
MR       .....                  (boots unavailable)
Stlth    +.........             (no amulet)
HPRegen  0.52/turn              (no ring)
MPRegen  0.08/turn              (no ring)

@: flying, hasted, very quick
A: unfitting armour, claws 3, fast metabolism 3, gourmand, regeneration 1,
shaggy fur 1, tough skin 2
a: Berserk, Trog's Hand, Burn Spellbooks, Renounce Religion


You were on level 2 of the Dungeon.
You worshipped Trog.
Trog was pleased with you.
You were not hungry.

You visited 1 branch of the dungeon, and saw 2 of its levels.

You collected 54 gold pieces.

Inventory:

Hand Weapons
 a - a +0 hand axe (weapon)
 h - a +0 hunting sling
 j - a +0 club
 k - a +0 club
 o - a +0 club
 r - a +0 short sword
Missiles
 g - 20 bolts
 l - 2 tomahawks (quivered)
 s - 4 stones
Armour
 b - a +0 animal skin
 q - a +0 leather armour
 u - a +0 robe (worn)
 v - a +0 leather armour
Scrolls
 d - a scroll of teleportation {unknown}
 i - a scroll of amnesia {unknown}
 m - a scroll of immolation {unknown}
 n - 2 scrolls of enchant weapon {unknown}
Comestibles
 c - 3 bread rations
 x - a meat ration


   Skills:
 + Level 2.7 Fighting
 + Level 2.9 Axes
 + Level 2.9 Dodging


You had 2 spell levels left.
You didn't know any spells.

Dungeon Overview and Level Annotations

Branches:
Dungeon (2/15)

Altars:


Innate Abilities, Weirdness & Mutations

You are too large for most types of armour.
You have claws for hands.
Your metabolism is lightning-fast.
You like to eat raw meat.
Your natural rate of healing is unusually fast.
You are covered in fur. (AC +1)
You have very tough skin. (AC +2)


Message History

You are no longer poisoned.
The adder misses you.
The hobgoblin hits you but does no damage.
You hit the adder.
The adder is heavily wounded.
You hit the hobgoblin but do no damage. The adder barely misses you.
You barely miss the adder.
The adder is heavily wounded.
You barely miss the hobgoblin. The adder bites you.
* * * LOW HITPOINT WARNING * * *
The hobgoblin misses you.
You completely miss the adder.
The adder is heavily wounded.
You barely miss the hobgoblin. The adder bites you.
* * * LOW HITPOINT WARNING * * *
The hobgoblin hits you but does no damage.
You barely miss the adder.
The adder is heavily wounded.
You closely miss the hobgoblin. The adder bites you.
You die...

#.#.###..# ..#
#.#.###..##...##
#.#.............
#.###...........
#. #.##.<...>..
#. #.##.##...##
#.###.##.# ...#
#....g†..## ###
##...S@†..#
#.##.##..#
####.##..K..####
.......$†(.....+
####.####..>.###
# #......#
....##... .?##.#
.. ..## ..# .


You could see an adder and a hobgoblin.

Vanquished Creatures
  An ooze (D:1)
  A worm (D:2)
  A dart slug (D:1)
  A leopard gecko (D:1)
  4 bats
  2 giant cockroaches (D:1)
  3 goblins
  3 hobgoblins (D:1)
  4 ball pythons (D:1)
  2 frilled lizards (D:1)
  3 kobolds
  6 rats
31 creatures vanquished.

Notes
Turn   | Place    | Note
-------+----------+-------------------------------------------
     0 | D:1      | HexTechBomber the Troll Berserker began the quest for the Orb.
     0 | D:1      | Reached XP level 1. HP: 22/22 MP: 0/0
   229 | D:1      | Reached XP level 2. HP: 25/29 MP: 1/1
   464 | D:1      | Reached XP level 3. HP: 36/36 MP: 2/2
   474 | D:1      | Reached ** piety under Trog
   708 | D:2      | Slain by an adder

Vault maps used:
D:1:      dpeg_chamrin_arrival_tetris, st_stairs_11
D:2:      lemuel_coloured_pillars_altar, lemuel_zombie_altar_yredelemnul,
          minmay_heptomino_w4

Action                   || total
-------------------------++-------
Melee: Hand axe          ||    92
  Use: Potion            ||     6
  Eat: Chunk             ||     7
Armor: Animal skin       ||    27
       Robe              ||    32
Dodge: Dodged            ||   106
